 Dungeon Crawl Stone Soup version 0.29.1-1-gd02db6906a (webtiles) character file.

Game seed: 3198952067937564538

371407 LabCoat the Slayer (level 22, -7/221 HPs)
             Began as a Hill Orc Fighter on Oct 4, 2022.
             Was a High Priest of Trog.
             Mangled by a lorocyproca (13 damage)
             ... summoned by a deep elf demonologist
             ... on level 3 of the Elven Halls on Oct 5, 2022.
             The game lasted 04:07:01 (51846 turns).

LabCoat the Slayer (Hill Orc Fighter)              Turns: 51846, Time: 04:07:02

Health: -7/221     AC: 37    Str: 36    XL:     22   Next: 67%
Magic:  7/22       EV: 21    Int: 10    God:    Trog [*****.]
Gold:   3753       SH:  5    Dex: 10    Spells: 21/21 levels left

rFire   + . .      SeeInvis .   d - +6 broad axe (vorpal)
rCold   . . .      Faith    .   (no shield)
rNeg    . . .      Spirit   .   X - +4 plate armour {Will+}
rPois   .          Reflect  +   n - +2 helmet
rElec   .          Harm     .   F - +2 cloak
rCorr   .          Rampage  ∞   O - +2 pair of gloves {Str+3}
Will    +++++                   l - +3 pair of seven-league boots {Rampage+∞}
Stlth   ..........              k - amulet of reflection
HPRegen 1.46/turn               b - ring "Dyeth" {rF+ Will+ Str+3 Int+2}
MPRegen 0.18/turn               N - ring of the Hare {EV+8}

@: strong-willed, on berserk cooldown, regenerating, slowed, very slow
A: no striking features
}: 2/15 runes: decaying, gossamer
a: Renounce Religion, Berserk, Trog's Hand, Brothers in Arms


You were on level 3 of the Elven Halls.
You worshipped Trog.
Trog was extremely pleased with you.
You visited 8 branches of the dungeon, and saw 38 of its levels.
You visited 1 bazaar.
You also visited: Ossuary, Gauntlet, Ice Cave and Desolation.

You collected 4354 gold pieces.
You spent 601 gold pieces at shops.

Inventory:

Hand Weapons
 d - a +6 vorpal broad axe (weapon)
 q - a +7 antimagic executioner's axe
 u - the +14 obsidian axe {vorpal, Mesm Drain Fly SInv}
   (Trog gifted it to you on level 2 of the Elven Halls)

   It inflicts extra damage upon your enemies.
   It occasionally summons demons to assist the wielder when it strikes in
   combat.
   Its wielder is mesmerised by any visible foes.
   It cannot be unequipped while any foes are visible.
   SInv:      It lets you see invisible.
   Fly:       It grants you flight.
   Drain:     It drains your maximum health when unequipped.
 G - a +3 battleaxe of electrocution
 U - a +9 battleaxe of flaming
Missiles
 f - 10 javelins
 g - 6 boomerangs (quivered)
 Y - 2 silver boomerangs
Armour
 i - a +0 crystal plate armour
 l - the +3 pair of seven-league boots (worn) {Rampage+∞}
   (You found it on level 2 of the Dungeon)

   Its wearer moves as far as possible in that direction when moving towards
   enemies.
 n - a +2 helmet (worn)
 p - a +0 plate armour of poison resistance
 F - a +2 cloak (worn)
 K - a +3 plate armour of fire resistance
 O - a +2 pair of gloves of strength (worn)
 R - a +0 tower shield of protection
 X - a +4 plate armour of willpower (worn)
 Z - the +0 kite shield "Yfumisyb" {Regen+ Str+2}
   (You found it in a Gauntlet)

   Str:       It affects your strength (+2).
   Regen:     It increases your rate of health regeneration.
Jewellery
 a - the ring "Zaxoutav" {rElec rF- rC+++ AC+4 Dex-2}
   (You found it in the Desolation of Salt)

   [ring of protection]

   AC:        It affects your AC (+4).
   Dex:       It affects your dexterity (-2).
   rF:        It makes you vulnerable to fire.
   rC:        It renders you almost immune to cold.
   rElec:     It insulates you from electricity.
 b - the ring "Dyeth" (left hand) {rF+ Will+ Str+3 Int+2}
   (You acquired it on level 1 of the Dungeon)

   [ring of willpower]

   Str:       It affects your strength (+3).
   Int:       It affects your intelligence (+2).
   rF:        It protects you from fire.
   Will:      It increases your willpower.
 e - a ring of protection from fire
 j - the ring of the Coward {rN+ Slay+4 Stlth+}
   (You found it on level 5 of the Dungeon)

   [ring of slaying]

   Slay:      It affects your accuracy & damage with ranged weapons and melee
   (+4).
   rN:        It protects you from negative energy.
   Stlth:     It makes you more stealthy.
 k - an amulet of reflection (around neck)
 y - a ring of poison resistance
 B - a ring of willpower
 I - a +4 ring of slaying
 N - the ring of the Hare (right hand) {EV+8}
   (You found it in a Gauntlet)

   [ring of evasion]

   EV:        It affects your evasion (+8).
 T - a ring of fire
Wands
 m - a wand of digging (8)
 A - a wand of roots (16)
 D - a wand of flame (20)
 Q - a wand of paralysis (27)
 S - a wand of polymorph (14)
 W - a wand of quicksilver (5)
Scrolls
 s - 3 scrolls of silence
 t - 2 scrolls of magic mapping
 v - 5 scrolls of poison
 x - 3 scrolls of butterflies
 E - 9 scrolls of teleportation
 H - 26 scrolls of identify
Potions
 h - 9 potions of flight
 r - 2 potions of resistance
 z - 5 potions of curing
 C - 15 potions of ambrosia
 J - 2 potions of invisibility
 L - 5 potions of might
Miscellaneous
 c - a phial of floods
 o - a lightning rod (4/4)
 w - a tin of tremorstones (2/2)
 M - a box of beasts


   Skills:
 + Level 23.6 Fighting
 * Level 22.6 Axes
 - Level 10.3 Throwing
 + Level 17.1 Armour
 + Level 13.0 Dodging
 - Level 15.0 Shields
 + Level 14.7 Evocations


You had 21 spell levels left.
You didn't know any spells.
Your spell library contained the following spells:

 Spells                   Type           Power      Damage    Failure   Level
 Foxfire                  Conj/Fire      0%         2x1d4     82%         1
 Freeze                   Ice            0%         1d3       82%         1
 Magic Dart               Conj           0%         1d3       82%         1
 Necrotise                Necr           0%         1d4       82%         1
 Shock                    Conj/Air       0%         1d3       82%         1
 Summon Small Mammal      Summ           0%         N/A       82%         1
 Blink                    Tloc           0%         N/A       91%         2
 Call Imp                 Summ           0%         N/A       91%         2
 Ensorcelled Hibernation  Hex/Ice        0%         N/A       91%         2
 Searing Ray              Conj           0%         2d4       91%         2
 Static Discharge         Conj/Air       0%         3-3/arc   91%         2
 Call Canine Familiar     Summ           0%         N/A       99%         3
 Confusing Touch          Hex            0%         N/A       99%         3
 Dazzling Flash           Conj/Hex       0%         N/A       99%         3
 Frozen Ramparts          Ice            0%         1d1       99%         3
 Gell's Gravitas          Tloc           0%         N/A       99%         3
 Lesser Beckoning         Tloc           0%         N/A       99%         3
 Mephitic Cloud           Conj/Pois/Air  0%         N/A       99%         3
 Ozocubu's Armour         Ice            0%         N/A       99%         3
 Portal Projectile        Hex/Tloc       0%         N/A       99%         3
 Spider Form              Tmut/Pois      0%         N/A       99%         3
 Summon Guardian Golem    Hex/Summ       0%         N/A       99%         3
 Teleport Other           Tloc           0%         N/A       99%         3
 Vampiric Draining        Necr           0%         2d6       99%         3
 Anguish                  Hex/Necr       0%         N/A       100%        4
 Animate Dead             Necr           0%         N/A       100%        4
 Cause Fear               Hex            0%         N/A       100%        4
 Dispel Undead            Necr           0%         3d6       100%        4
 Fulminant Prism          Conj/Hex       0%         3d6       100%        4
 Hailstorm                Conj/Ice       0%         3d3       100%        4
 Iskenderun's Mystic Bla  Conj/Tloc      0%         2d3       100%        4
 Leda's Liquefaction      Hex/Erth       0%         N/A       100%        4
 Passage of Golubria      Tloc           0%         N/A       100%        4
 Sticky Flame             Conj/Fire      0%         2d3       100%        4
 Agony                    Necr           0%         N/A       100%        5
 Fireball                 Conj/Fire      0%         3d3       100%        5
 Iskenderun's Battlesphe  Conj           0%         2d6       100%        5
 Lee's Rapid Deconstruct  Erth           0%         3d5*      100%        5
 Lightning Bolt           Conj/Air       0%         1d11      100%        5
 Manifold Assault         Tloc           0%         N/A       100%        5
 Metabolic Englaciation   Hex/Ice        0%         N/A       100%        5
 Silence                  Hex/Air        0%         N/A       100%        5
 Summon Forest            Summ/Tloc      0%         N/A       100%        5
 Yara's Violent Unravell  Hex/Tmut       0%         3d3       100%        5
 Conjure Ball Lightning   Conj/Air       0%         3x3d6     100%        6
 Dispersal                Tloc           0%         N/A       100%        6
 Simulacrum               Ice/Necr       0%         N/A       100%        6
 Starburst                Conj/Fire      0%         6d3       100%        6
 Statue Form              Tmut/Erth      0%         N/A       100%        6
 Enfeeble                 Hex            0%         N/A       100%        7
 Haunt                    Necr/Summ      0%         N/A       100%        7
 Orb of Destruction       Conj           0%         9d5       100%        7
 Spellforged Servitor     Conj/Summ      0%         N/A       100%        7
 Borgnjor's Revivificati  Necr           0%         N/A       100%        8
 Infestation              Necr           0%         N/A       100%        8
 Maxwell's Capacitive Co  Air            0%         ∞         100%        8
 Necromutation            Tmut/Necr      0%         N/A       100%        8
 Chain Lightning          Conj/Air       0%         N/A       100%        9
 Death's Door             Necr           0%         N/A       100%        9
 Fire Storm               Conj/Fire      0%         5d1       100%        9
 Shatter                  Erth           0%         3d5*      100%        9


Dungeon Overview and Level Annotations

Branches:
Dungeon (15/15)            Temple (1/1) D:4            Lair (5/5) D:9
  Swamp (4/4) Lair:2       Spider (4/4) Lair:3        Slime (0/5) Lair:4
    Orc (2/2) D:11            Elf (3/3) Orc:2        Vaults (4/5) D:13
  Crypt (0/3) Vaults:3     Depths (0/4) D:15        Ossuary (visited)
  IceCv (visited)         Desolation (visited)      Gauntlet (visited)

Altars:
Ashenzari
Cheibriados
Dithmenos
Elyvilon
Fedhas
Gozag
Hepliaklqana
Kikubaaqudgha
Makhleb
Nemelex Xobeh
Okawaru
Qazlal
Ru
Sif Muna
Trog
Uskayaw
Vehumet
Wu Jian
Xom
Yredelemnul
Zin
The Shining One
Jiyva

Shops:
D:5 ?!!=   D:6 [   D:12 :   Orc:2 **:*(   Elf:1 !   Vaults:3 [

Portals:
Pandemonium: Orc:2
Trove: D:15 (give 8 scrolls of butterflies)

Annotations:
D:15 3 runed translucent doors, Xiestris's ghost, journeyman DsGl
Swamp:2 1 runed translucent door, topfpfpflanze's ghost, adept DsNe
Swamp:4 3 runed translucent doors, kalagan's ghost, adept DECj
Elf:1 6 runed translucent doors
Elf:2 3 runed translucent doors
Vaults:3 2 runed translucent doors, deprived's ghost, veteran HOFi


Message History

The deep elf sorcerer is moderately wounded.
The deep elf sorcerer is engulfed in poison gas.
The deep elf sorcerer looks even sicker.
The deep elf sorcerer hits you but does no damage.
You writhe in agony!
* * * LOW HITPOINT WARNING * * *
The deep elf annihilator mumbles some strange words.
The deep elf annihilator blinks!
The deep elf annihilator is engulfed in poison gas.
The deep elf annihilator is poisoned.
The deep elf sorcerer is engulfed in poison gas.
The deep elf sorcerer looks as sick as possible!
The deep elf sorcerer barely misses you.
You feel magic returning to you.
d - a +6 vorpal broad axe (weapon)
The deep elf sorcerer's magic is no longer disrupted.
The deep elf annihilator is engulfed in poison gas.
The deep elf annihilator looks even sicker.
The deep elf sorcerer is engulfed in poison gas.
The deep elf sorcerer looks as sick as possible!
The deep elf sorcerer hits you with a staff of death.
* * * LOW HITPOINT WARNING * * *
You writhe in agony!
* * * LOW HITPOINT WARNING * * *
Okay, then.
Your skin crawls.
You feel strong-willed.
The deep elf sorcerer is engulfed in poison gas.
The deep elf sorcerer looks as sick as possible!
The deep elf sorcerer closely misses you.
The deep elf annihilator casts a spell.
The deep elf annihilator blinks!
Something barely misses you.
The deep elf sorcerer looks as sick as possible!
The deep elf sorcerer barely misses you.
The deep elf annihilator casts a spell.
The deep elf annihilator blinks!
You slice the deep elf sorcerer!!
The deep elf sorcerer is almost dead.
You slice something!! Something hits you!
You die...

,,,* ##**#.# ##'. **,*** #.# ##.
*,,,* #.# #.. ***,*** #.# ##).
*,,,* #.#*#<.. ***,** ###
###'####.. * **,,,** ##§##
#.....#+.. ****,,,,,**##§§○##
##..P..+##. ,**,,,⌠,,,##§§3e@##
#.......##. ,,**,,,,,##☼§☼☼{§§##
##.......###
,,,**,,,##§§.§#§○☼§###....8....#*
,,,,**,*#○.§{###☼§§§###.P.....##
,,,**,,,##§§..#e○☼§## #.......#
,,**,,,,,##....§§§## ##.....##
,,,,,,,,,......☼§## #.....#
*,,,,,,,,...#.§☼### ###'###
*,,*,,,,.#ee##.##.## #####.#


You could see a deep elf annihilator (very poisoned), a deep elf sorcerer (fast,
extremely poisoned) and a sun demon (summoned).

Vanquished Creatures
  A bone dragon (Vaults:3)
  A deep elf master archer (Elf:3)
  6 sphinxes
  Kirke (Spider:1)
  Gastronok (Lair:3)
  Frances (Spider:1)
  Roxanne (Swamp:4)
  A shadow dragon (Vaults:3)
  2 deep elf sorcerers
  10 vault wardens
  2 frost giants
  4 emperor scorpions (Spider:4)
  Louise (D:14)
  2 imperial myrmidons (Desolation)
  An orc warlord (Vaults:2)
  Aizul (Spider:1)
  6 ghost moths
  3 deep elf elementalists (Elf:3)
  15 ironbound preservers
  5 very ugly things
  4 deep elf demonologists
  7 ironbound thunderhulks
  4 eleionomae
  A stone giant (D:15)
  A minotaur (Gauntlet)
  A spark wasp (Spider:4)
  5 deep elf annihilators
  Azrael (Orc:2)
  10 entropy weavers
  4 dire elephants (Vaults:1)
  4 bunyips
  3 halazid warlocks (Desolation)
  3 deep elf death magi (Elf:3)
  An ettin (Vaults:3)
  3 crystal guardians
  4 deep elf high priests
  3 servants of whispers (Desolation)
  9 yaktaur captains
  7 ragged hierophants (Desolation)
  2 shambling mangroves (Swamp:4)
  Erolcha (Orc:2)
  13 vault guards
  7 boulder beetles
  An ogre mage (D:15)
  4 peacekeepers
  A ghost crab (Swamp:2)
  6 great orbs of eyes
  6 ironbound frosthearts
  4 merfolk avatars (Swamp:4)
  4 jorogumos
  4 centaur warriors
  3 demonspawn (Orc:2)
  17 hydras
  7 two-headed ogres
  A radroach (Spider:2)
  9 dancing weapons
  6 alligators
  3 tengu warriors
  4 orc high priests
  17 death yaks
  A soul eater (Orc:2)
  21 deep elf knights
  Sonja (D:11)
  4 pharaoh ants
  4 sun moths
  8 goliath frogs
  7 steelbarb worms
  A glowing orange brain (Vaults:1)
  7 spriggan druids
  14 swamp dragons
  17 deep elf archers
  3 lindwurms (Vaults:1)
  9 wizards
  3 bog bodies
  47 deep trolls
  10 orb spiders
  18 deep elf pyromancers
  A phantasmal warrior (Vaults:4)
  9 harpies
  14 ironbound convokers
  3 necromancers
  6 orc knights
  10 orc sorcerers
  4 cyclopes
  26 ugly things
  6 manticores
  22 deep elf zephyrmancers
  A will-o-the-wisp (Swamp:2)
  21 wolf spiders
  7 moths of wrath
  An ice statue (IceCv)
  4 black mambas
  A human skeleton (Vaults:1)
  8 elephants
  Maurice (D:10)
  A stone giant skeleton (Vaults:1)
  9 torpor snails
  2 guardian serpents (Desolation)
  17 cane toads
  A frost giant skeleton (Vaults:1)
  A gargoyle (D:12)
  13 vault sentinels
  A molten gargoyle (D:14)
  Maggie (D:8)
  15 rime drakes
  Psyche (D:8)
  10 demonic crawlers
  A freezing wraith (Vaults:3)
  5 komodo dragons
  A tengu conjurer (D:15)
  2 kobold demonologists
  3 efreet
  51 yaktaurs
  A yaktaur skeleton (Vaults:1)
  8 trolls
  2 queen bees
  17 polar bears
  A polar bear (shapeshifter) (D:14)
  6 meliai
  9 tyrant leeches
  A bloated husk (Swamp:4)
  A hornet (shapeshifter) (D:10)
  19 hornets
  A meliai (shapeshifter) (Elf:1)
  30 saltlings (Desolation)
  34 tarantellas
  7 dream sheep (Lair:5)
  32 blink frogs
  27 slime creatures
  2 air elementals (Elf:1)
  25 culicivoras
  47 jumping spiders
  4 water elementals
  10 spriggans
  5 wraiths
  12 wyverns
  A ynoxinul (Orc:2)
  A fire bat (shapeshifter) (Elf:3)
  7 fire elementals
  3 hogs (Spider:1)
  61 yaks
  4 shadows
  11 basilisks
  9 vampire mosquitoes
  A steam dragon (Lair:2)
  87 redbacks
  2 wargs
  18 swamp worms
  15 water moccasins
  3 acid dragons
  A glowing shapeshifter zombie (Vaults:1)
  5 hell hounds
  7 swamp drakes (Swamp:4)
  21 orc warriors
  2 ice beasts
  4 black bears
  3 sky beasts
  69 wolves
  7 ogres
  13 boggarts
  10 centaurs
  An elf zombie (Ossuary)
  5 kobold brigands
  A phantom (D:11)
  Blork the orc (D:6)
  3 earth elementals
  A gnoll sergeant (D:11)
  18 bullfrogs
  2 necrophages
  2 scorpions
  10 wights
  55 killer bees
  4 troll zombies (D:11)
  5 howler monkeys
  2 electric eels
  A lava snake (D:14)
  2 hounds
  10 jellies
  16 orc priests
  Terence (D:3)
  2 iguanas
  26 orc wizards
  5 hell rats
  4 ogre zombies (D:11)
  3 mummies (Ossuary)
  9 adders
  7 gnolls
  3 shadow imps
  2 white imps
  2 adder zombies (Ossuary)
  A dart slug (D:3)
  81 orcs
  5 ball pythons
  2 endoplasms
  2 giant cockroaches (D:1)
  A gnoll zombie (Ossuary)
  13 goblins
  5 hobgoblins
  14 kobolds
  3 quokkas (D:1)
  4 bats
  A frilled lizard (D:3)
  A goblin skeleton (D:11)
  9 goblin zombies
  A hobgoblin skeleton (D:11)
  3 hobgoblin zombies (Ossuary)
  A kobold zombie (Ossuary)
  2 orc skeletons (D:11)
  17 orc zombies (D:11)
  5 quokka zombies
  5 rats
  2 rat zombies (Ossuary)
  A fungus (Spider:2)
1763 creatures vanquished.

Vanquished Creatures (collateral kills)
  Bai Suzhen (Vaults:3)
  A deep elf blademaster (Elf:3)
  A deep elf master archer (Elf:3)
  A ragged hierophant (Desolation)
  2 centaur warriors (Vaults:2)
  A deep elf archer (Elf:1)
  An orange demon (Orc:2)
  A yaktaur (Vaults:2)
  2 saltlings (Desolation)
  7 orc warriors (Orc:2)
  An earth elemental (Elf:1)
  3 orc priests (Orc:2)
  5 orcs
27 creatures vanquished.

Vanquished Creatures (others)
  A deep elf sorcerer (Elf:3)
  A ragged hierophant (Desolation)
  An alligator (Swamp:2)
  A deep elf knight (Elf:1)
  2 bloated husks
  A hornet (Swamp:4)
  A saltling (Desolation)
  A jumping spider (Spider:2)
  A redback (Spider:2)
  2 boggarts (Vaults:2)
  An orc priest (Orc:2)
  2 orc wizards
  58 fungi
  150 plants
  2 withered plants
225 creatures vanquished.

Grand Total: 2015 creatures vanquished

Notes
Turn   | Place    | Note
-------+----------+-------------------------------------------
     0 | D:1      | LabCoat the Hill Orc Fighter began the quest for the Orb.
     0 | D:1      | Reached XP level 1. HP: 19/19 MP: 1/1
   311 | D:1      | Reached XP level 2. HP: 27/27 MP: 2/2
   508 | D:1      | Reached skill level 4 in Fighting
   781 | D:1      | Identified a scroll of acquirement
   781 | D:1      | Acquired the ring "Dyeth" {rF+ Will+ Str+3 Int+2}
   806 | D:1      | Found a faded altar of an unknown god.
   818 | D:1      | Reached XP level 3. HP: 29/33 MP: 3/3
  1749 | D:2      | Found the +3 pair of seven-league boots {Rampage+∞}
  1816 | D:2      | Reached XP level 4. HP: 41/41 MP: 4/4
  2149 | D:3      | Reached skill level 1 in Dodging
  2157 | D:3      | Reached XP level 5. HP: 38/47 MP: 5/5
  2487 | D:3      | Noticed Terence
  2495 | D:3      | Killed Terence
  2496 | D:3      | Reached skill level 5 in Fighting
  3026 | D:4      | Noticed an ogre
  3032 | D:4      | Killed an ogre
  3033 | D:4      | Reached skill level 5 in Axes
  3033 | D:4      | Reached XP level 6. HP: 37/56 MP: 6/6
  3216 | D:4      | Reached skill level 1 in Evocations
  3640 | D:4      | Found a staircase to the Ecumenical Temple.
  3647 | Temple   | Entered the Ecumenical Temple
  3798 | D:4      | Reached skill level 1 in Throwing
  3801 | D:4      | Reached XP level 7. HP: 51/62 MP: 7/7
  4151 | D:5      | Entered Level 5 of the Dungeon
  4220 | D:5      | Identified the ring of the Coward {rN+ Slay+4 Stlth+}
  4265 | D:5      | Found Ijuaddyt's Magic Scroll Shoppe.
  4283 | D:5      | Reached skill level 6 in Fighting
  4443 | D:5      | Reached skill level 5 in Armour
  4631 | D:5      | Found Giff's Distillery.
  4641 | D:5      | Found Hikuaja's Distillery.
  4641 | D:5      | Found Pinifawn's Jewellery Shoppe.
  4660 | D:5      | Bought a ring of poison resistance for 200 gold pieces
  4837 | D:6      | Reached XP level 8. HP: 68/71 MP: 8/8
  4891 | D:6      | Noticed Blork the orc
  4902 | D:6      | Killed Blork the orc
  5261 | D:6      | Found a shimmering blue altar of Sif Muna.
  5261 | D:6      | Found a glowing silver altar of Zin.
  5357 | D:6      | Reached skill level 7 in Fighting
  5786 | D:6      | Found Lalargho's Antique Armour Shoppe.
  6002 | D:6      | You fall into a shaft and drop 2 floors!
  6036 | D:8      | Noticed Psyche
  6043 | D:8      | Killed Psyche
  6115 | D:8      | Noticed Maggie
  6118 | D:8      | Reached XP level 9. HP: 80/80 MP: 9/9
  6124 | D:8      | Killed Maggie
  6125 | D:8      | Reached skill level 8 in Fighting
  6133 | D:8      | Found a snail-covered altar of Cheibriados.
  6133 | D:8      | Found a glowing golden altar of the Shining One.
  6133 | D:8      | Noticed a two-headed ogre
  6145 | D:8      | Killed a two-headed ogre
  6147 | D:8      | Found a sparkling altar of Nemelex Xobeh.
  6476 | D:8      | Noticed a hornet
  6480 | D:8      | Paralysed by a hornet for 1 turns
  6488 | D:8      | Killed a hornet
  6489 | D:8      | Reached skill level 9 in Fighting
  6697 | D:8      | Found a bloodstained altar of Trog.
  6765 | D:8      | Became a worshipper of Trog the Wrathful
  7143 | D:9      | Reached XP level 10. HP: 55/91 MP: 10/10
  7382 | D:9      | Reached * piety under Trog
  7660 | D:9      | Reached skill level 10 in Fighting
  7770 | D:9      | Found a staircase to the Lair.
  7997 | Lair:1   | Entered Level 1 of the Lair of Beasts
  8225 | Lair:1   | Noticed a cane toad
  8242 | Lair:1   | Killed a cane toad
  8243 | Lair:1   | Reached skill level 5 in Evocations
  8594 | Lair:1   | Noticed a cane toad
  8600 | Lair:1   | Reached skill level 10 in Axes
  8602 | Lair:1   | Killed a cane toad
  8603 | Lair:1   | Reached XP level 11. HP: 55/101 MP: 11/11
  8603 | Lair:1   | Reached ** piety under Trog
  8642 | Lair:1   | Reached skill level 11 in Fighting
  8928 | Lair:1   | Found a shimmering blue altar of Sif Muna.
  8938 | Lair:1   | Reached skill level 5 in Throwing
  9193 | Lair:1   | Reached skill level 5 in Dodging
 10389 | Lair:2   | Noticed a manticore
 10426 | Lair:2   | Killed a manticore
 10427 | Lair:2   | Reached skill level 12 in Fighting
 10655 | Lair:2   | Reached XP level 12. HP: 112/112 MP: 12/12
 11122 | Lair:2   | HP: 7/169 [killer bee (3)]
 11124 | Lair:2   | Reached *** piety under Trog
 11127 | Lair:2   | HP: 4/113 [poisoned by a killer bee]
 11132 | Lair:2   | HP: 2/113 [blink frog (5)]
 11586 | Lair:2   | Reached skill level 10 in Armour
 11956 | Lair:2   | Found a staircase to the Swamp.
 12514 | Lair:3   | Reached skill level 13 in Fighting
 12915 | Lair:3   | Noticed Gastronok
 12926 | Lair:3   | HP: 5/115 [Gastronok/the air (31)]
 12947 | Lair:3   | Killed Gastronok
 13096 | Lair:3   | Reached XP level 13. HP: 122/122 MP: 13/13
 13265 | Lair:3   | Found a hole to the Spider Nest.
 14006 | Lair:4   | Found a frozen archway.
 14014 | IceCv    | Entered an ice cave
 14349 | IceCv    | Reached skill level 14 in Fighting
 14710 | IceCv    | Reached **** piety under Trog
 15452 | IceCv    | Noticed a frost giant
 15470 | IceCv    | Killed a frost giant
 15709 | Lair:4   | Reached XP level 14. HP: 69/133 MP: 14/14
 16084 | Lair:4   | Reached skill level 15 in Fighting
 16770 | Lair:4   | Found a viscous altar of Jiyva.
 16770 | Lair:4   | Found a staircase to the Slime Pits.
 16945 | Lair:4   | Reached ***** piety under Trog
 17487 | Lair:5   | Entered Level 5 of the Lair of Beasts
 17973 | Lair:5   | Reached skill level 15 in Axes
 18605 | Lair:5   | Reached skill level 16 in Fighting
 18908 | D:7      | Found a sand-covered staircase.
 18915 | Ossuary  | Entered an ossuary
 19162 | D:7      | Reached XP level 15. HP: 144/144 MP: 15/15
 19282 | D:7      | Paralysed by a hornet for 1 turns
 19423 | D:7      | Found a stormy altar of Qazlal.
 19655 | D:6      | Found a hide-covered altar of Uskayaw.
 19730 | D:6      | Bought a pair of embroidered gloves for 165 gold pieces
 21162 | D:10     | Entered Level 10 of the Dungeon
 21563 | D:10     | Noticed Maurice
 21587 | D:10     | Killed Maurice
 22231 | D:11     | Received a gift from Trog
 22622 | D:11     | Noticed Sonja
 22662 | D:11     | Killed Sonja
 22894 | D:11     | Found the +7 lajatang of Order {silver, rMut}
 22899 | D:11     | Found a viscous altar of Jiyva.
 23019 | D:11     | Identified the +10 great sword "Koliz" {pain, Drain rC++
                  | Int-4 Dex+3}
 23020 | D:11     | Found a staircase to the Orcish Mines.
 23424 | D:12     | Received a gift from Trog
 23598 | D:12     | Found Cadoph Kaag's Book Emporium.
 23639 | D:12     | Found a gate leading to a gauntlet.
 23644 | Gauntlet | Entered a Gauntlet
 23644 | Gauntlet | Found a transporter.
 23644 | Gauntlet | Found a transporter.
 23829 | Gauntlet | Found a transporter.
 23839 | Gauntlet | Found a transporter.
 23841 | Gauntlet | Found a large runed translucent door.
 23841 | Gauntlet | Found a large runed translucent door.
 23842 | Gauntlet | Found a large runed translucent door.
 23842 | Gauntlet | Found a large runed translucent door.
 23843 | Gauntlet | Found a large runed translucent door.
 23843 | Gauntlet | Found a large runed translucent door.
 23843 | Gauntlet | Found a runed translucent door.
 23843 | Gauntlet | Found a runed translucent door.
 23843 | Gauntlet | Found a large runed translucent door.
 23844 | Gauntlet | Found a large runed translucent door.
 23844 | Gauntlet | Found a large runed translucent door.
 23844 | Gauntlet | Found a large runed translucent door.
 23849 | Gauntlet | Found a large runed translucent door.
 23849 | Gauntlet | Found a large runed translucent door.
 23850 | Gauntlet | Found a large runed translucent door.
 23850 | Gauntlet | Found a large runed translucent door.
 23850 | Gauntlet | Found a large runed translucent door.
 23850 | Gauntlet | Found a large runed translucent door.
 23853 | Gauntlet | Found a runed translucent gate.
 23853 | Gauntlet | Found a runed translucent gate.
 23853 | Gauntlet | Found a runed translucent gate.
 23855 | Gauntlet | Found a transporter.
 23868 | Gauntlet | Found a transporter.
 23884 | Gauntlet | Found a transporter.
 23956 | Gauntlet | Found a transporter.
 23957 | Gauntlet | Found the ring of the Hare {EV+8}
 23970 | Gauntlet | Found a transporter.
 23984 | Gauntlet | Found a transporter.
 23997 | Gauntlet | Found a transporter.
 24014 | Gauntlet | Found a transporter.
 24131 | Gauntlet | Found a transporter.
 24208 | Gauntlet | Identified the amulet "Tosh" {Spirit rPois Will+ Str+2}
 24300 | Gauntlet | Found a transporter.
 24351 | Gauntlet | Identified the +0 pair of boots of the Heron {Int+2 Dex+4}
 24383 | Gauntlet | Identified the +2 ice dragon scales of the Wizarding Gods
                  | {Rampage Fly rF- rC++}
 24414 | Gauntlet | Identified the +0 kite shield "Yfumisyb" {Regen+ Str+2}
 24427 | Gauntlet | Got the Commentary on Hyperbolic Lightning
 24694 | D:12     | Reached skill level 17 in Fighting
 25279 | D:13     | Reached XP level 16. HP: 73/155 MP: 16/16
 25443 | D:13     | Found a gate to the Vaults.
 25527 | D:13     | Reached skill level 10 in Evocations
 25838 | D:14     | Noticed Louise
 25857 | D:14     | Killed Louise
 26094 | D:14     | Reached skill level 5 in Shields
 27081 | D:15     | Entered Level 15 of the Dungeon
 27123 | D:15     | Found a staircase to the Depths.
 27221 | D:15     | Found a portal to a secret trove of treasure.
 27451 | D:15     | Found a runed translucent gate.
 27451 | D:15     | Found a runed translucent gate.
 27452 | D:15     | Found a runed translucent gate.
 27768 | D:15     | Noticed Xiestris's ghost (journeyman DsGl)
 27770 | D:15     | Found an iron altar of Okawaru.
 28251 | Orc:1    | Entered Level 1 of the Orcish Mines
 28665 | Orc:2    | Entered Level 2 of the Orcish Mines
 28695 | Orc:2    | Noticed Azrael
 28719 | Orc:2    | Killed Azrael
 28790 | Orc:2    | Found Atooxk Keaxt's General Store.
 28794 | Orc:2    | Found Ypoito's General Store.
 28874 | Orc:2    | Noticed Erolcha
 28892 | Orc:2    | Killed Erolcha
 28892 | Orc:2    | Reached ****** piety under Trog
 29116 | Orc:2    | Received a gift from Trog
 29188 | Orc:2    | Found Benka's Assorted Antiques.
 29194 | Orc:2    | Found a staircase to the Elven Halls.
 29664 | Orc:2    | Reached skill level 18 in Fighting
 29727 | Orc:2    | Found Toecvo Xikk's Antique Weapon Boutique.
 29727 | Orc:2    | Found Puhi's Book Shop.
 29739 | Orc:2    | Found a one-way gate leading to the halls of Pandemonium.
 29932 | Swamp:1  | Entered Level 1 of the Swamp
 30109 | Swamp:1  | Found an iron altar of Okawaru.
 30118 | Swamp:1  | You fall into a shaft and drop 1 floor!
 30139 | Swamp:2  | Reached XP level 17. HP: 138/165 MP: 17/17
 30207 | Swamp:2  | Found a runed translucent door.
 30211 | Swamp:2  | Noticed topfpfpflanze's ghost (adept DsNe)
 30213 | Swamp:2  | Identified the +7 trident of Fuemompo {vorpal, rN+}
 30864 | Swamp:2  | Identified the +1 mace of Ycuhesyi {venom, *Corrode Str+3
                  | Int+6}
 30965 | Swamp:2  | Reached skill level 10 in Throwing
 31477 | Swamp:2  | Received a gift from Trog
 31478 | Swamp:2  | Reached skill level 10 in Dodging
 32884 | Swamp:4  | Entered Level 4 of the Swamp
 32884 | Swamp:4  | Found a runed translucent gate.
 32884 | Swamp:4  | Found a runed translucent gate.
 32884 | Swamp:4  | Found a runed translucent gate.
 32916 | Swamp:4  | Noticed kalagan's ghost (adept DECj)
 33831 | Swamp:4  | Noticed Roxanne
 33849 | Swamp:4  | Killed Roxanne
 34424 | Swamp:4  | Reached skill level 19 in Fighting
 34633 | Swamp:4  | Got a decaying rune of Zot
 35491 | Spider:1 | Entered Level 1 of the Spider Nest
 35535 | Spider:1 | Noticed Aizul
 35543 | Spider:1 | Killed Aizul
 35641 | Spider:1 | Reached XP level 18. HP: 176/176 MP: 18/18
 35729 | Spider:1 | Received a gift from Trog
 36135 | Spider:1 | Noticed Kirke
 36149 | Spider:1 | Killed Kirke
 36990 | Spider:1 | Noticed Frances
 37002 | Spider:1 | Killed Frances
 37547 | Spider:2 | Received a gift from Trog
 38246 | Orc:2    | Bought a scroll of brand weapon for 152 gold pieces
 38513 | Spider:2 | Reached skill level 10 in Shields
 38765 | Spider:3 | Reached skill level 20 in Fighting
 39022 | Spider:3 | Identified the +2 battleaxe of Trial by Ordeal {vorpal, rF+
                  | rC+} (Trog gifted it to you on level 3 of the Spider Nest)
 39022 | Spider:3 | Received a gift from Trog
 40392 | Spider:3 | Received a gift from Trog
 40540 | Spider:4 | Entered Level 4 of the Spider Nest
 40565 | Spider:4 | Reached XP level 19. HP: 187/187 MP: 19/19
 41665 | Spider:4 | Got a gossamer rune of Zot
 41928 | Spider:4 | Reached skill level 15 in Armour
 42254 | Vaults:1 | Entered Level 1 of the Vaults
 42353 | Vaults:1 | Found the +5 scythe "Finisher" {speed, eviscerate}
 42705 | Vaults:1 | Reached skill level 21 in Fighting
 42951 | Vaults:1 | Received a gift from Trog
 43431 | Vaults:2 | Reached XP level 20. HP: 183/198 MP: 20/20
 43463 | Vaults:2 | Received a gift from Trog
 43872 | Vaults:2 | Found a crumbling gateway.
 43879 | Desolati | Entered the Desolation of Salt
 44112 | Desolati | Received a gift from Trog
 44133 | Desolati | Identified the ring "Zaxoutav" {rElec rF- rC+++ AC+4 Dex-2}
 44137 | Desolati | Identified the ring "Yptunani" {rN+ MP+9 Str+4 Int+4 SInv}
 44273 | Desolati | Identified the +1 rapier "Stringbean" {vorpal, Contam Str+4
                  | Int+3}
 44275 | Desolati | Got Sif Muna's Directory of Cursed Thermatology
 44277 | Desolati | Identified the +6 scale mail of Jeatuja {rElec Int+6}
 44289 | Desolati | Identified the +1 plate armour of Impatience {Dex+7 Slay-2
                  | Stlth+}
 44390 | Desolati | Reached skill level 22 in Fighting
 44474 | Desolati | Got Geiro's Folio of Battling and the Lithosphere
 44896 | Vaults:2 | Received a gift from Trog
 45362 | Vaults:2 | Reached XP level 21. HP: 196/209 MP: 21/21
 45696 | Vaults:3 | Received a gift from Trog
 45835 | Vaults:3 | Noticed Bai Suzhen
 45846 | Vaults:3 | Killed Bai Suzhen
 45895 | Vaults:3 | Identified the +8 scimitar of Bright Cruel Justice {vorpal,
                  | rElec rPois Will-}
 46196 | Vaults:3 | Found Iblyuck's Armour Shop.
 46215 | Vaults:3 | Noticed a bone dragon
 46219 | Vaults:3 | Found a staircase to the Crypt.
 46224 | Vaults:3 | Killed a bone dragon
 46394 | Vaults:3 | Found a large runed translucent door.
 46395 | Vaults:3 | Noticed deprived's ghost (veteran HOFi)
 46395 | Vaults:3 | Found a large runed translucent door.
 47230 | Vaults:4 | Received a gift from Trog
 47323 | Vaults:4 | Reached skill level 15 in Shields
 47380 | Vaults:4 | Reached skill level 23 in Fighting
 47893 | Vaults:4 | Noticed a dread lich
 48393 | Elf:1    | Entered Level 1 of the Elven Halls
 48424 | Elf:1    | Found Ydummel's Distillery.
 48527 | Elf:1    | Received a gift from Trog
 48643 | Elf:1    | Identified the +0 leather armour "Huigg" {rC+++ rN+ Str-3
                  | Stlth+}
 48652 | Elf:1    | Reached XP level 22. HP: 203/220 MP: 7/22
 48658 | Elf:1    | Paralysed by an air elemental for 1 turns
 49647 | Elf:1    | Found a runed translucent gate.
 49647 | Elf:1    | Found a runed translucent gate.
 49647 | Elf:1    | Found a runed translucent gate.
 49647 | Elf:1    | Found a runed translucent gate.
 49647 | Elf:1    | Found a runed translucent gate.
 49648 | Elf:1    | Found a runed translucent gate.
 50037 | Elf:1    | Received a gift from Trog
 51328 | Elf:2    | Found a runed translucent gate.
 51335 | Elf:2    | Received a gift from Trog
 51335 | Elf:2    | Found the +14 obsidian axe {vorpal, Mesm Drain Fly SInv}
 51345 | Elf:2    | Found a runed translucent gate.
 51346 | Elf:2    | Found a runed translucent gate.
 51475 | Elf:3    | Entered Level 3 of the Elven Halls
 51524 | Elf:3    | Found a flickering gateway to a bazaar.
 51541 | Bazaar   | Entered a bazaar
 51541 | Bazaar   | Found Taukh's Antique Weapon Shop.
 51541 | Bazaar   | Found Ehutzal's General Store.
 51582 | Bazaar   | Found Buxzemof's Antique Armour Shop.
 51608 | Bazaar   | Bought a potion of might for 48 gold pieces
 51608 | Bazaar   | Bought a potion of curing for 36 gold pieces
 51839 | Elf:3    | HP: 14/331 [something (11)]
 51844 | Elf:3    | HP: 11/221 [deep elf sorcerer/staff of death (1)]
 51844 | Elf:3    | HP: 3/221 [deep elf sorcerer/staff of death (8)]
 51846 | Elf:3    | Mangled by a lorocyproca

Illustrated notes

Levels and vault maps discovered:
D:1:      psy_arrival_radial01, layout_rooms,
          shapermc_ecumenical_altar_starsandcircs, serial_co_window_serial,
          co_window_of_opportunity_a, co_window_paths_b, co_window_paths_b,
          co_window_paths_b, co_window_of_opportunity_a, co_window_paths_c,
          co_window_broadway_a, co_window_unsneaky_path_b, co_window_corner_b,
          co_window_of_opportunity_b, co_window_2corner, glass_columns_a
D:2:      layout_basic, grunt_ministairs_15, minmay_misc_feat_square
D:3:      layout_loops_cross, uniq_terence
D:4:      layout_loops_corners, minmay_temple_entry_junction
D:5:      layout_gridville, serial_shops, shop_statue, shop, shop,
          nicolae_shop_temple_entry_statues_fountains
D:6:      layout_layer_cave, nicolae_uskayaw_suspiria,
          gammafunk_temple_overflow_statue, serial_shops, shop,
          uniq_blork_the_orc
D:7:      layout_rooms, mainiacjoe_overflow_24_doors, enter_ossuary_4,
          columned_hall_lemuel
D:8:      layout_rooms, mainiacjoe_overflow_boulevard, minitemple,
          enter_bailey_7, uniq_psyche, uniq_maggie
D:9:      layout_roguey, grunt_lair_entry_orc_guard_hut, hangedman_decor_points
D:10:     layout_stronghold, kennysheep_opposing_triangles, uniq_maurice
D:11:     layout_rooms, zombieorc2_lemuel, minmay_misc_feat_rugged,
          jiyva_altar_1, uniq_sonja
D:12:     layout_basic, serial_shops, nicolae_stop_n_shop_1,
          gauntlet_entry_generic
D:13:     layout_basic, lightli_vaults_fourway_checkpoint
D:14:     layout_layer_cave, kennysheep_doodads, uniq_louise
D:15:     grunt_enter_depths_giant_problem, layout_basic, minivault_11,
          gammafunk_ghost_fury_of_okawaru, enter_trove_5
Temple:   nicolae_temple_great_sept
Lair:1:   layout_hall_layers, lemuel_centaur_altar, infiniplex_staircase_pool
Lair:2:   regret_index_wax_grids, layout_gridlike, swamp_mist
Lair:3:   layout_gridlike, spider_nest_entry_funnel_web, uniq_gastronok
Lair:4:   layout_roguey [special_room_bee], minmay_slime_entry_pillars,
          portal_ice_cave_rime, special_room [special_room_mythical_zoo],
          patterned_corridor, grunt_megastairs_5
Lair:5:   minmay_lair_end_frog_pond, layout_cave_pods,
          grunt_forest_large_clearings, serial_bayou_shore_a
Swamp:1:  layout_falls_marsh, basic_altar, statue_in_the_mist_lemuel
Swamp:2:  layout_basic_swamp, ebering_ghost_funeral_grove,
          nicolae_swamp_ascending_descending
Swamp:3:  layout_basic_swamp, evilmike_swamp_ruin_rubble_1
Swamp:4:  swamp_alternative, layout_basic_swamp, gammafunk_ghost_necromancy,
          swamp_pool5, nicolae_swamp_round_clearing, grunt_lady_of_the_lake,
          infiniplex_staircase_pool_2, uniq_roxanne
Spider:1: layout_chambers, nicolae_spider_eight_legs, uniq_kirke, uniq_frances,
          uniq_aizul
Spider:2: layout_spider_delve, spiders_nest_spider_trap
Spider:3: layout_chambers, nicolae_spider_checkerboard
Spider:4: spider_rune_water, hangedman_spider_tarantella_strand
Orc:1:    layout_caves
Orc:2:    pf_orc_diabolical, layout_caves, serial_shops,
          nicolae_shop_overgrown_old_shop, special_room, uniq_erolcha,
          uniq_donald, uniq_azrael
Elf:1:    layout_gridlike, serial_shops, nicolae_diamond_shop, orc_legates,
          grunt_megastairs_2
Elf:2:    nicolae_elf_blades_splatter_lattice
          [nicolae_blade_entry_floor_patterns], layout_gridlike
Elf:3:    grunt_elf_hall_diamonds, layout_geoelf_octagon, serial_shops,
          bzr_in_the_mist, small_statue_intersection
Vaults:1: ontoclasm_vaults_gateway, v_misc_17, grunt_vaults_swirl,
          hangedman_vaults_cutoff, vaults_standard_mumra_lines,
          nicolae_vaults_alarming, v_rooms_4, hangedman_vaults_stitches,
          ontoclasm_vaults_idyll, nicolae_vaults_specimen_jars,
          ontoclasm_vaults_shuriken, v_misc_25, grunt_vaults_focal,
          layout_vaults_maze_bifur
Vaults:2: portal_desolation_entry_nicolae_slug, hangedman_vaults_trim,
          hangedman_vaults_restitches, v_misc_30, vaults_mumra_hex,
          ontoclasm_vaults_claustrophobia, nicolae_vaults_mini_display_case,
          layout_vaults_quadrants
Vaults:3: advil_vaults_ghost_guards, ontoclasm_vaults_twist,
          vaults_room_hallway, v_misc_10, v_rooms_1,
          minmay_crypt_entry_nasty_monster, nicolae_vaults_halls_meeting,
          nicolae_vaults_theta, ontoclasm_vaults_ligature,
          ontoclasm_vaults_loading_screen, vaults_room_door_ring,
          layout_vaults_ring, serial_shops, nicolae_square_shop, uniq_bai_suzhen
Vaults:4: vaults_room_corners, hangedman_vaults_corner_blocks,
          grunt_vaults_funnel, vaults_dpeg_encased_lava, v_misc_27,
          v_alt_pattern_3, nicolae_vaults_c_with_doors, v_rooms_3,
          hangedman_vaults_impose, nicolae_vaults_little_ls, vaults_mumra_lcd,
          nicolae_vaults_network_quinsquares
          [nicolae_vaults_network_quincunx_subvault,
          nicolae_vaults_network_quincunx_subvault,
          nicolae_vaults_network_quincunx_subvault,
          nicolae_vaults_network_quincunx_subvault], layout_vaults_omnibox,
          serial_shops, shop

Skill      XL: |  1  2  3  4  5  6  7  8  9 10 11 12 13 14 15 16 17 18 19 20 21 22 |
---------------+-------------------------------------------------------------------+-----
Axes           | 3 4 5 6 8 10 11 13 14 15 16 17 18 19 20 21 22 | 22.6
Fighting       | 4 5 6 7 9 10 12 13 14 16 17 18 19 20 21 22 23 | 23.6
Dodging        | 1 2 3 4 5 6 7 8 9 10 11 12 13 | 13.0
Armour         | 4 5 6 7 8 9 10 11 12 13 14 15 16 17 | 17.1
Evocations     | 1 2 3 4 5 6 7 8 9 10 11 12 13 14 | 14.7
Throwing       | 1 2 3 4 5 6 7 8 9 10 | 10.3
Shields        | 4 6 8 10 12 14 15 | 15.0

Action                   |  1- 3 |  4- 6 |  7- 9 | 10-12 | 13-15 | 16-18 | 19-21 | 22-24 || total
-------------------------+-------+-------+-------+-------+-------+-------+-------+-------++-------
Melee: War axe           |   119 |    90 |   192 |   506 |  1604 |   578 |       |       ||  3089
       Battleaxe         |       |       |       |    32 |       |   942 |   203 |       ||  1177
       Morningstar       |       |       |       |       |    53 |       |       |       ||    53
       Broad axe         |       |       |       |       |       |       |  1004 |     1 ||  1005
       Executioner's axe |       |       |       |       |       |       |    19 |   374 ||   393
Throw: Dart              |       |     4 |    31 |    11 |    29 |       |       |       ||    75
       Boomerang         |       |       |       |       |     3 |    43 |     4 |    17 ||    67
Invok: Berserk           |       |       |       |     3 |    14 |     9 |     5 |       ||    31
       Trog's Hand       |       |       |       |     8 |    21 |    15 |    14 |     4 ||    62
       Brothers in Arms  |       |       |       |       |       |     1 |     6 |     2 ||     9
Evoke: Wand              |       |       |       |     9 |    12 |    36 |     3 |     1 ||    61
       Phial of floods   |       |       |       |       |     2 |     2 |       |       ||     4
       Tin of tremorston |       |       |       |       |       |     4 |     2 |     1 ||     7
       Lightning rod     |       |       |       |       |       |     2 |     3 |       ||     5
  Use: Scroll            |     5 |     7 |     9 |     7 |    14 |    18 |     8 |     7 ||    75
       Potion            |       |       |     3 |    14 |     5 |     6 |     3 |     8 ||    39
 Stab: Paralysed         |       |       |       |     2 |       |       |     4 |       ||     6
       Invisible         |       |       |       |       |       |     2 |       |       ||     2
       Distracted        |       |       |       |       |       |       |     2 |       ||     2
Armor: Scale mail        |    11 |       |       |       |       |       |       |       ||    11
       Chain mail        |    74 |    46 |    92 |   310 |       |       |       |       ||   522
       Plate armour      |       |       |       |    86 |   955 |   948 |   563 |   132 ||  2684
Dodge: Dodged            |    35 |    17 |    55 |   294 |   607 |   776 |   671 |   195 ||  2650
Block: Buckler           |    33 |    30 |    88 |   286 |   256 |       |       |       ||   693
       Reflection        |       |       |     4 |    11 |     6 |     8 |    68 |    11 ||   108
       Other             |       |       |       |    13 |       |   204 |    49 |    40 ||   306
       Kite shield       |       |       |       |       |   848 |   398 |   683 |       ||  1929
       Tower shield      |       |       |       |       |       |       |    80 |       ||    80
